 Dungeon Crawl Stone Soup version 0.25-a0-478-g33c61bdccf (webtiles) character file.

Game seed: 3528590823624104946, levelgen mode: deterministic

68846 kae the Slicer (level 14, -1/109 HPs)
             Began as a Demonspawn Enchanter on Feb 8, 2020.
             Was the Champion of Dithmenos.
             Slain by an orc knight
             ... wielding a +0 battleaxe
              (19 damage)
             ... on level 2 of the Orcish Mines.
             The game lasted 00:44:36 (32428 turns).

kae the Slicer (Demonspawn Enchanter)              Turns: 32428, Time: 00:44:37

Health: -1/109     AC: 15    Str:  8    XL:     14   Next: 88%
Magic:  0/23       EV: 17    Int: 19    God:    Dithmenos [******]
Gold:   2243       SH:  0    Dex: 17    Spells: 10/25 levels left

rFire    + . .     SeeInvis +   a - +8 dagger (venom)
rCold    . . .     Gourm    .   (no shield)
rNeg     . . .     Faith    .   v - +2 robe of the Evening {rF+ SInv}
rPois    +         Spirit   +   l - +2 hat
rElec    .         Reflect  .   M - +2 cloak
rCorr    .         Harm     .   (gloves unavailable)
MR       +....                  (no boots)
Stlth    +++++++++.             A - amulet of magic regeneration
HPRegen  0.28/turn              j - ring of stealth
MPRegen  0.61/turn              H - ring of poison resistance

@: sanguine armour, wreathed by umbra, heavily drained
A: claws 3, demonic guardian 2, magic shield, magic regeneration, sanguine
armour 1
a: Shadow Step, Shadow Form, Renounce Religion


You were on level 2 of the Orcish Mines.
You worshipped Dithmenos.
Dithmenos was exalted by your worship.
You were not hungry.

You visited 4 branches of the dungeon, and saw 22 of its levels.

You collected 2243 gold pieces.

Inventory:

Hand Weapons
 a - a +8 dagger of venom (weapon)
 b - a +1 dagger of draining
 g - a +2 dagger
Armour
 l - a +2 hat (worn)
 v - the +2 robe of the Evening (worn) {rF+ SInv}
   (You found it on level 5 of the Dungeon)

   It protects you from fire.
   It lets you see invisible.
   If you remove this armour, your AC will fall 4 points (15 -> 11)
 F - a +3 leather armour
 G - +0 steam dragon scales
 M - a +2 cloak (worn)
Jewellery
 h - an uncursed ring of positive energy
 j - a ring of stealth (left claw)
 k - a cursed ring of attention {unknown}
 u - an uncursed ring of protection from fire
 z - an uncursed amulet of rage
 A - an amulet of magic regeneration (around neck)
 H - a ring of poison resistance (right claw)
 K - an uncursed ring of ice
 Q - an uncursed ring of protection from cold {unknown}
 R - a +5 ring of dexterity {unknown}
 T - an uncursed ring of protection from magic
 U - an uncursed ring of resist corrosion
Wands
 e - a wand of acid (13)
 i - a wand of random effects (24)
 x - a wand of disintegration (44)
 y - a wand of enslavement (10)
 C - a wand of iceblast (27)
 O - a wand of paralysis (15)
 V - a wand of clouds (6)
Scrolls
 f - 6 scrolls of fog
 m - 3 scrolls of amnesia
 o - a scroll of teleportation
 p - 3 scrolls of enchant armour
 q - 17 scrolls of remove curse
 L - 4 scrolls of blinking
 P - a scroll of identify
Potions
 c - 6 potions of curing
 n - a potion of berserk rage
 r - 2 potions of cancellation
 s - 2 potions of flight
 t - 3 potions of lignification
 w - 5 potions of haste
 B - 3 potions of mutation
 D - 4 potions of agility
 E - a potion of magic
 J - a potion of might
Comestibles
 d - 40 rations


   Skills:
 + Level 9.9(6.6) Fighting
 * Level 14.4(10.8) Short Blades
 + Level 10.7(7.4) Dodging
 + Level 11.7(8.3) Stealth
 - Level 6.0(3.1) Spellcasting
 - Level 7.1(4.1) Hexes
 + Level 6.6(3.7) Invocations


You had 10 spell levels left.
You knew the following spells:

 Your Spells              Type           Power        Failure   Level  Hunger
a - Corona                Hex            ###....      2%          1    None
b - Ensorcelled Hibernat  Hex/Ice        ##....       10%         2    ##.....
c - Confusing Touch       Hex            ###.....     9%          3    ###....
d - Tukima's Dance        Hex            ###.....     9%          3    ###....
e - Slow                  Hex            ###.....     4%          2    ##.....
f - Cause Fear            Hex            ###.......   28%         4    ####...

Your spell library contained the following spells:

 Spells                   Type           Power        Failure   Level  Hunger
 Animate Skeleton         Necr           N/A          16%         1    None
 Apportation              Tloc           #.....       16%         1    None
 Foxfire                  Conj/Fire      #...         16%         1    None
 Magic Dart               Conj           #...         16%         1    None
 Summon Small Mammal      Summ           #...         16%         1    None
 Dazzling Flash           Conj/Hex       ##....       19%         3    ###....
 Inner Flame              Hex/Fire       ##......     19%         3    ###....
 Portal Projectile        Hex/Tloc       ##....       19%         3    ###....
 Blink                    Tloc           N/A          22%         2    ##.....
 Call Imp                 Summ           #.......     22%         2    ##.....
 Corpse Rot               Necr/Air       N/A          22%         2    ##.....
 Passwall                 Tmut/Erth      #.......     22%         2    ##.....
 Conjure Flame            Conj/Fire      #.......     41%         3    ###....
 Mephitic Cloud           Conj/Pois/Air  #.......     41%         3    ###....
 Stone Arrow              Conj/Erth      #.....       41%         3    ###....
 Leda's Liquefaction      Hex/Erth       ##........   54%         4    ####...
 Iskenderun's Mystic Bla  Conj/Tloc      #.......     83%         4    ####...
 Sticky Flame             Conj/Fire      #.......     83%         4    ####...
 Fireball                 Conj/Fire      #.........   99%         5    ######.
 Irradiate                Conj/Tmut      #.........   99%         5    ######.
 Lee's Rapid Deconstruct  Erth           #.........   99%         5    ######.
 Summon Forest            Summ/Tloc      #.........   99%         5    ######.
 Eringya's Noxious Bog    Tmut/Pois      #.........   100%        6    #######
 Hydra Form               Tmut           #.........   100%        6    #######
 Statue Form              Tmut/Erth      #........    100%        6    #######
 Dragon Form              Tmut           #.........   100%        7    #######
 Summon Hydra             Summ           #.........   100%        7    #######


Dungeon Overview and Level Annotations

Branches:
Dungeon (13/15)            Temple (1/1) D:5            Lair (6/6) D:10
  Swamp (0/4) Lair:2       Spider (0/4) Lair:4        Slime (0/5) Lair:5
    Orc (2/2) D:10            Elf (0/3) Orc:2
 Vaults: D:13-14

Altars:
Ashenzari
Cheibriados
Dithmenos
Elyvilon
Fedhas
Gozag
Hepliaklqana
Kikubaaqudgha
Makhleb
Nemelex Xobeh
Okawaru
Qazlal
Ru
Sif Muna
Trog
Uskayaw
Vehumet
Wu Jian
Xom
Yredelemnul
Zin
The Shining One
Beogh
Jiyva

Shops:
Orc:2 %%

Annotations:
D:5 exclusion: phantom, Menkaure
D:8 Gastronok
D:12 3 runed translucent doors, Xogiet's ghost, journeyman GrGl
Lair:2 exclusion: 2 centaurs
Lair:5 exclusion: 3 death yaks
Orc:2 Donald


Innate Abilities, Weirdness & Mutations

You have claws for hands.
A demonic guardian rushes to your aid.
When hurt, damage is shared between your health and your magic reserves.
You regenerate magic rapidly.
When seriously injured, your bleeding wounds create armour. (AC +6)


Message History

Your ice devil dies!
Casting: Ensorcelled Hibernation (safe; 10% risk of failure)
Confirm with . or Enter, or press ? or * to list all spells.
Aiming: Ensorcelled Hibernation (safe; 10% risk of failure)
Press: ? - help, Shift-Dir - straight line, f/p - orc knight
Aim: an orc knight, wielding a +0 battleaxe and wearing a +0 chain mail (moderately wounded, umbra, chance to defeat MR: 25%)
The orc knight resists with almost no effort.
The orc knight barely misses you.
Casting: Ensorcelled Hibernation (safe; 10% risk of failure)
Confirm with . or Enter, or press ? or * to list all spells.
Aiming: Ensorcelled Hibernation (safe; 10% risk of failure)
Press: ? - help, Shift-Dir - straight line, f/p - orc knight
Aim: an orc knight, wielding a +0 battleaxe and wearing a +0 chain mail (moderately wounded, umbra, chance to defeat MR: 25%)
The orc knight resists with almost no effort.
Your shadow mimicks your spell!
The orc knight easily resists.
The orc knight shouts!
The orc warrior no longer looks unusually strong.
The orc knight hits you with a +0 battleaxe!!
You die...

..###...## #...###))......
)).###..)## ##...###.))......
##..###.).## ##...###..##......
##..###.).##
##.).###..###......
##).###)..###)..###..###.......
##..##.§.§#§§..##..####.......
##..#.#§.).§#.#).## #........
##....§o§o.§.[.## ##.......
##...#.#§#@..## ###.....
##......o..## #......
##..#.#..## ##.#... ##.....##
###... # ##∩.∩## ##.# # ##.##
### ## ### .# ##


You could see an orc knight and an orc warrior.

Vanquished Creatures
  Jorgrun (D:13)
  Azrael (D:12)
  An entropy weaver (Lair:3)
  An ettin (Orc:2)
  Erolcha (D:11)
  4 hydras
  2 catoblepae
  2 ghost crabs (Lair:3)
  3 death yaks (Lair:6)
  6 two-headed ogres
  Urug (D:12)
  A soul eater (Orc:2)
  A sun demon (Orc:2)
  A sixfirhy (Orc:2)
  6 fire crabs
  An unseen horror (D:12)
  2 deep elf magi
  3 orc knights
  3 orc sorcerers
  3 ugly things
  A cyclops (D:11)
  3 manticores
  2 elephants (Lair:6)
  A spectral centaur (D:13)
  6 black mambas
  An apocalypse crab (Lair:3)
  6 spiny frogs
  3 gargoyles
  Maggie (D:8)
  A rime drake (Lair:6)
  3 komodo dragons
  A polar bear (Lair:6)
  4 trolls
  4 tyrant leeches (Lair:2)
  Prince Ribbit (D:6)
  7 blink frogs
  6 hippogriffs
  4 redbacks (Lair:4)
  A wyvern (Lair:5)
  A spriggan (D:7)
  2 basilisks
  3 fire elementals (D:12)
  33 yaks
  A wraith (D:11)
  Edmund (D:6)
  An acid dragon (D:13)
  9 water moccasins
  3 hell hounds (D:12)
  11 porcupines
  Duvessa (D:4)
  A hornet zombie (D:13)
  33 orc warriors
  5 sky beasts
  4 black bears
  An ice beast (D:12)
  3 slaves (D:8)
  3 eyes of draining
  2 phantoms
  7 ogres
  An eye of draining (shapeshifter) (D:13)
  6 wolves (Lair:6)
  3 centaurs
  19 crocodiles
  2 big kobolds (D:10)
  14 bullfrogs
  A wyvern zombie (D:11)
  A wyvern skeleton (D:13)
  A scorpion (D:4)
  14 killer bees
  15 wights
  4 howler monkeys
  9 crimson imps
  4 hounds
  A quasit (D:10)
  5 centaur skeletons
  3 bullfrog skeletons
  26 orc priests
  3 jellies
  23 orc wizards
  4 centaur zombies
  Jessica (D:3)
  4 iguanas (D:11)
  8 worker ants
  A worker ant zombie (D:8)
  11 gnolls
  11 adders
  3 shadow imps
  An adder zombie (D:6)
  An adder skeleton (D:5)
  2 dart slugs
  19 leopard geckos
  79 orcs
  2 ball pythons
  6 giant cockroaches
  4 goblins
  2 hobgoblins
  15 jackals
  5 quokkas
  3 bats
  8 frilled lizards
  16 kobolds
  A leopard gecko skeleton (D:5)
  10 rats
597 creatures vanquished.

Vanquished Creatures (collateral kills)
  2 entropy weavers (Lair:3)
  A great orb of eyes (D:13)
  A hydra (D:11)
  A ghost crab (Lair:3)
  A two-headed ogre (D:12)
  A death knight (D:12)
  A deep troll shaman (Lair:6)
  2 death yaks (Lair:6)
  Pikel (D:8)
  An ugly thing (D:12)
  2 orc sorcerers (Orc:2)
  2 elephants (Lair:6)
  2 black mambas
  A centaur skeleton (D:13)
  A troll (D:13)
  A red devil (Orc:2)
  4 blink frogs
  A wyvern (Lair:4)
  A fire elemental (D:12)
  4 yaks
  A warg (Orc:2)
  A hell hound (D:12)
  2 orc warriors
  4 ogres
  A crocodile (Lair:4)
  A bullfrog (D:5)
  Dowan (D:4)
  A scorpion (D:5)
  A wight (D:12)
  A crimson imp (D:4)
  A centaur zombie (D:5)
  3 orc wizards
  3 orc priests (Orc:2)
  6 orcs
  3 jackals
  A fungus (Lair:6)
62 creatures vanquished.

Vanquished Creatures (others)
  A slave (D:8)
  A wight (D:12)
  An orc priest (D:8)
  A centaur skeleton (D:12)
  2 orc wizards
  A hound zombie (D:8)
  2 fungi
  2 plants
11 creatures vanquished.

Grand Total: 670 creatures vanquished

Notes
Turn   | Place    | Note
-------+----------+-------------------------------------------
     0 | D:1      | kae the Demonspawn Enchanter began the quest for the Orb.
     0 | D:1      | Reached XP level 1. HP: 13/13 MP: 3/3
    25 | D:1      | Reached skill level 1 in Short Blades
   298 | D:1      | Gained mutation: When hurt, damage is shared between your
                  | health and your magic reserves. [demonic ancestry]
   298 | D:1      | Reached XP level 2. HP: 7/19 MP: 3/5
   499 | D:1      | Learned a level 2 spell: Ensorcelled Hibernation
  1074 | D:2      | Reached XP level 3. HP: 18/24 MP: 2/6
  1686 | D:2      | Reached skill level 2 in Short Blades
  1953 | D:2      | Found a bloodstained altar of Trog.
  2029 | D:3      | Found a faded altar of an unknown god.
  2548 | D:3      | Reached XP level 4. HP: 30/30 MP: 7/7
  2773 | D:3      | Gained mutation: A weak demonic guardian rushes to your
                  | aid. [demonic ancestry]
  2773 | D:3      | Reached XP level 5. HP: 25/35 MP: 3/9
  2873 | D:3      | Found an opulent altar of Gozag.
  3516 | D:3      | Noticed Jessica
  3523 | D:3      | Killed Jessica
  3523 | D:3      | Reached skill level 3 in Short Blades
  4000 | D:4      | Gained mutation: You have sharp fingernails. [demonic
                  | ancestry]
  4000 | D:4      | Reached XP level 6. HP: 38/41 MP: 8/10
  4127 | D:4      | Found an opulent altar of Gozag.
  4354 | D:4      | Noticed Dowan
  4441 | D:4      | Noticed Duvessa
  4447 | D:4      | Killed Duvessa
  4447 | D:4      | Killed Dowan
  4482 | D:4      | Gained mutation: When seriously injured, your bleeding
                  | wounds create armour. (AC +6) [demonic ancestry]
  4482 | D:4      | Reached XP level 7. HP: 23/46 MP: 1/12
  4882 | D:4      | Reached skill level 4 in Short Blades
  5058 | D:5      | Entered Level 5 of the Dungeon
  5165 | D:5      | Noticed Menkaure
  5207 | D:5      | Learned a level 3 spell: Confusing Touch
  5238 | D:5      | Learned a level 3 spell: Tukima's Dance
  5655 | D:5      | Gained mutation: You have very sharp fingernails. [demonic
                  | ancestry]
  5655 | D:5      | Reached XP level 8. HP: 31/52 MP: 8/14
  6102 | D:5      | Found a staircase to the Ecumenical Temple.
  6279 | D:5      | Reached skill level 5 in Short Blades
  6479 | D:5      | Got a sheer robe
  6490 | D:5      | Identified the +2 robe of the Evening {rF+ SInv} (You found
                  | it on level 5 of the Dungeon)
  6516 | D:5      | Reached skill level 5 in Hexes
  6808 | D:6      | Noticed Edmund
  6820 | D:6      | Killed Edmund
  6869 | D:6      | Noticed Prince Ribbit
  7078 | D:6      | Reached skill level 5 in Stealth
  7214 | Temple   | Entered the Ecumenical Temple
  7405 | D:6      | Identified the Collected Works on the Quantum Rocks
  7750 | D:6      | Killed Prince Ribbit
  8123 | D:7      | Reached skill level 6 in Short Blades
  8365 | D:7      | Reached XP level 9. HP: 57/57 MP: 16/16
  8578 | D:7      | Found a shadowy altar of Dithmenos.
  8833 | D:7      | Reached skill level 5 in Dodging
  8833 | D:7      | Reached skill level 5 in Spellcasting
  8934 | D:7      | Became a worshipper of Dithmenos the Shadowed
  9199 | D:8      | Noticed Pikel
  9262 | D:8      | Killed Pikel
  9262 | D:8      | Reached skill level 7 in Short Blades
  9520 | D:8      | Noticed Gastronok
  9532 | D:8      | Reached * piety under Dithmenos
  9905 | D:8      | Noticed Maggie
  9912 | D:8      | Killed Maggie
 10131 | D:8      | Found an ancient bone altar of Kikubaaqudgha.
 10131 | D:8      | Found a radiant altar of Vehumet.
 10132 | D:8      | Found a hide-covered altar of Uskayaw.
 10415 | D:9      | Noticed a fire crab
 10418 | D:9      | Found a bloodstained altar of Trog.
 10418 | D:9      | Noticed an orc knight
 10434 | D:9      | Killed a fire crab
 10434 | D:9      | Gained mutation: You regenerate magic rapidly. [demonic
                  | ancestry]
 10434 | D:9      | Reached XP level 10. HP: 33/63 MP: 10/18
 10439 | D:9      | Killed an orc knight
 10473 | D:9      | Noticed a two-headed ogre
 10503 | D:9      | Noticed an eight-headed hydra
 10505 | D:9      | Found a glowing golden altar of the Shining One.
 10532 | D:9      | Reached skill level 8 in Short Blades
 10846 | D:9      | Noticed a two-headed ogre
 10892 | D:9      | Killed a two-headed ogre
 10892 | D:9      | Reached skill level 1 in Fighting
 11042 | D:9      | Killed a two-headed ogre
 11485 | D:10     | Entered Level 10 of the Dungeon
 11567 | D:10     | Reached ** piety under Dithmenos
 11662 | D:10     | Noticed a two-headed ogre
 11703 | D:10     | Killed a two-headed ogre
 11737 | D:10     | Found a staircase to the Lair.
 11808 | D:10     | Noticed a two-headed ogre
 11811 | D:10     | Killed a two-headed ogre
 11811 | D:10     | Reached skill level 9 in Short Blades
 11889 | D:10     | Gained mutation: You have claws for hands. [demonic
                  | ancestry]
 11889 | D:10     | Reached XP level 11. HP: 63/75 MP: 16/20
 11924 | D:10     | Found a staircase to the Orcish Mines.
 12517 | Lair:1   | Entered Level 1 of the Lair of Beasts
 13446 | Lair:1   | Reached skill level 10 in Short Blades
 13823 | Lair:1   | You fall into a shaft and drop 1 floor!
 14545 | Lair:2   | Found a staircase to the Swamp.
 14586 | Lair:2   | Reached *** piety under Dithmenos
 14889 | Lair:2   | Reached skill level 5 in Fighting
 14934 | Lair:2   | Learned a level 2 spell: Slow
 14939 | Lair:2   | Learned a level 4 spell: Cause Fear
 15209 | Lair:2   | Found a sparkling altar of Nemelex Xobeh.
 15304 | Lair:3   | Found a runed translucent door.
 15772 | Lair:3   | Gained mutation: A demonic guardian rushes to your aid.
                  | [demonic ancestry]
 15772 | Lair:3   | Reached XP level 12. HP: 86/86 MP: 21/21
 16508 | Lair:3   | Reached skill level 11 in Short Blades
 16811 | Lair:3   | Noticed an entropy weaver
 16824 | Lair:3   | Reached **** piety under Dithmenos
 16829 | Lair:3   | Killed an entropy weaver
 16916 | Lair:3   | Noticed a ghost crab
 16937 | Lair:3   | Killed a ghost crab
 17289 | Lair:3   | Noticed an entropy weaver
 17311 | Lair:3   | Killed an entropy weaver
 17590 | Lair:3   | Noticed a ghost crab
 17601 | Lair:3   | Killed a ghost crab
 17711 | Lair:3   | Noticed a ghost crab
 18022 | Lair:3   | Killed a ghost crab
 18031 | Lair:3   | Noticed an entropy weaver
 18033 | Lair:3   | Killed an entropy weaver
 18265 | Lair:4   | Reached skill level 12 in Short Blades
 18336 | Lair:4   | Found a hole to the Spider Nest.
 18796 | Lair:4   | Reached skill level 10 in Stealth
 19403 | Lair:5   | Noticed a death yak
 19403 | Lair:5   | Noticed a death yak
 19442 | Lair:5   | Reached XP level 13. HP: 64/96 MP: 13/22
 19942 | Lair:5   | Found a viscous altar of Jiyva.
 19943 | Lair:5   | Found a staircase to the Slime Pits.
 20319 | Lair:6   | Entered Level 6 of the Lair of Beasts
 21790 | Lair:6   | Reached skill level 13 in Short Blades
 22551 | D:11     | Noticed Erolcha
 22555 | D:11     | Killed Erolcha
 22851 | D:11     | Reached skill level 1 in Invocations
 23188 | D:11     | Reached ***** piety under Dithmenos
 24387 | D:12     | Noticed Urug
 24389 | D:12     | Reached skill level 10 in Dodging
 24402 | D:12     | Killed Urug
 24402 | D:12     | Reached XP level 14. HP: 37/106 MP: 10/23
 24851 | D:12     | Noticed Azrael
 25389 | D:12     | Found a runed translucent gate.
 25389 | D:12     | Found a runed translucent gate.
 25389 | D:12     | Found a runed translucent gate.
 25390 | D:12     | Noticed Xogiet's ghost (journeyman GrGl)
 26231 | D:12     | Found a snail-covered altar of Cheibriados.
 26445 | D:12     | Killed Azrael
 27064 | D:13     | Reached ****** piety under Dithmenos
 28013 | D:13     | Noticed Jorgrun
 28018 | D:13     | Killed Jorgrun
 28018 | D:13     | Reached skill level 14 in Short Blades
 28018 | D:13     | Reached skill level 5 in Invocations
 28893 | Orc:1    | Entered Level 1 of the Orcish Mines
 29561 | Orc:2    | Entered Level 2 of the Orcish Mines
 29677 | Orc:2    | Found a staircase to the Elven Halls.
 29684 | Orc:2    | Found a roughly hewn altar of Beogh.
 29747 | Orc:2    | Paralysed by an orc sorcerer for 2 turns
 30470 | Orc:2    | Found Myromp's Food Boutique.
 30472 | Orc:2    | Found Qupud's Food Shop.
 31692 | Orc:2    | Noticed Donald
 32428 | Orc:2    | Slain by an orc knight

Levels and vault maps discovered:
D:1:      ebering_trefoil_twist, layout_rooms
D:2:      layout_loops_ring, lemuel_doored_altar, first_ration
D:3:      layout_basic, chequers_ecumenical_altar_simple_redux,
          nicolae_gozag_cash_rules_everything_around_me, uniq_jessica
D:4:      layout_rooms, nicolae_overflow_hidden_temple, uniq_duvessa
D:5:      layout_layer_cave, minmay_temple_entry_from_below_a, minmay_puff,
          uniq_menkaure
D:6:      layout_basic, serial_co_window_serial, co_window_cross_1,
          co_window_corner_a, co_window_of_opportunity_a, co_window_corner_a,
          co_window_paths_a, co_window_paths_a, co_window_paths_b,
          co_window_paths_c, co_window_corner_b, co_window_unsneaky_path_e,
          co_window_2corner, co_window_corner_b, co_window_sun,
          small_statue_intersection, uniq_edmund, uniq_prince_ribbit1
D:7:      layout_basic, grunt_dithmenos_smoke_and_mirrors, the_bakery
D:8:      layout_rooms, gammafunk_temple_overflow_forgotten, uniq_pikel,
          uniq_gastronok, uniq_maggie
D:9:      layout_loops_cross, jmf_multi_god_temple
D:10:     layout_long_grid, lair_entry_dummy, orc_0_dummy,
          minmay_misc_feat_four_crosses
D:11:     lemuel_reptile_caves, layout_long_grid, uniq_erolcha
D:12:     layout_layer_cave, basic_altar, gammafunk_ghost_spectres,
          chequers_mini_garden, uniq_azrael, uniq_urug
D:13:     layout_loops_cross, hangedman_weighted_door, uniq_jorgrun
Temple:   lightli_temple_of_artemis
Lair:1:   layout_misc_corridors
Lair:2:   layout_cave_shapes, minmay_swamp_entry_worms, lemuel_centaur_altar
Lair:3:   gammafunk_mikee_crab_dinner, layout_concentric_octagons
Lair:4:   layout_hall_layers, spider_nest_entry_webs, serial_bayou_shore_a
Lair:5:   layout_gridlike, slime_altar_1, st_stairs_13, minivault_23
Lair:6:   grunt_lair_end_beastmaster, layout_regular_city
Orc:1:    layout_diamond_mine
Orc:2:    pf_orc_diabolical, layout_caves, basic_altar, serial_shops,
          nicolae_shop_trees, uniq_donald

Skill      XL: |  1  2  3  4  5  6  7  8  9 10 11 12 13 14 |
---------------+-------------------------------------------+-----
Short Blades   | 1 2 3 4 6 7 9 10 12 13 14 | 14.4
Dodging        | 2 3 4 5 6 7 9 10 | 10.7
Stealth        | 3 4 5 6 7 8 10 11 | 11.7
Spellcasting   | 3 4 5 6 |  6.0
Hexes          | 4 5 6 7 |  7.1
Fighting       | 3 5 7 8 9 |  9.9
Invocations    | 2 6 |  6.6

Action                   |  1- 3 |  4- 6 |  7- 9 | 10-12 | 13-15 || total
-------------------------+-------+-------+-------+-------+-------++-------
Melee: Dagger            |   177 |   118 |   434 |   550 |  1377 ||  2656
 Cast: Corona            |     8 |     1 |       |     3 |     9 ||    21
       Ensorcelled Hiber |    13 |    23 |    67 |    92 |   104 ||   299
       Confusing Touch   |       |       |     2 |     6 |    13 ||    21
       Tukima's Dance    |       |       |       |     1 |       ||     1
       Cause Fear        |       |       |       |     1 |       ||     1
       Slow              |       |       |       |     1 |       ||     1
Invok: Shadow Step       |       |       |       |       |     1 ||     1
Evoke: Wand              |       |     1 |       |       |       ||     1
  Use: Scroll            |    10 |       |     7 |     9 |    12 ||    38
       Potion            |       |     4 |     2 |     1 |     3 ||    10
 Stab: Sleeping          |    16 |     9 |    27 |    59 |   107 ||   218
       Distracted        |     1 |       |     5 |     4 |     9 ||    19
       Confused          |       |       |       |     5 |    10 ||    15
       Petrified         |       |       |       |       |     1 ||     1
  Eat: Chunk             |     6 |     7 |    16 |    21 |    31 ||    81
       Ration            |       |       |     1 |     3 |     3 ||     7
Armor: Robe              |    31 |    14 |    79 |    48 |   188 ||   360
Dodge: Dodged            |   112 |    49 |   207 |   339 |   976 ||  1683

Table legend:
 A = Non-vault XP
 B = Vault XP
 C = Vault XP percentage of total XP
 D = Non-vault monster count
 E = Vault monster count
 F = Vault count percentage of total count
                 A         B        C        D         E       F
            +---------+---------+-------+---------+---------+-------
      Total |   58963 |   39389 |  40.0 |     504 |     152 |  23.2
            +---------+---------+-------+---------+---------+-------
        D:1 |      25 |       0 |   0.0 |      15 |       0 |   0.0
        D:2 |      61 |       0 |   0.0 |      22 |       0 |   0.0
        D:3 |     237 |      37 |  13.5 |      25 |       1 |   3.8
        D:4 |     398 |     130 |  24.6 |      16 |       2 |  11.1
        D:5 |     786 |      54 |   6.4 |      24 |       2 |   7.7
        D:6 |     386 |     363 |  48.5 |      15 |       2 |  11.8
        D:7 |    1102 |     211 |  16.1 |      24 |       1 |   4.0
        D:8 |     592 |     826 |  58.3 |      21 |       2 |   8.7
        D:9 |    1278 |    2055 |  61.7 |      19 |       3 |  13.6
       D:10 |    3520 |       0 |   0.0 |      37 |       0 |   0.0
       D:11 |    7509 |    2477 |  24.8 |      39 |      35 |  47.3
       D:12 |    7470 |    3280 |  30.5 |      47 |      10 |  17.5
       D:13 |    9044 |    4238 |  31.9 |      46 |       6 |  11.5
     Lair:1 |    4432 |       0 |   0.0 |      19 |       0 |   0.0
     Lair:2 |    1945 |    1027 |  34.6 |      10 |       4 |  28.6
     Lair:3 |    4601 |    9666 |  67.8 |      27 |      12 |  30.8
     Lair:4 |    2774 |     905 |  24.6 |      15 |       4 |  21.1
     Lair:5 |    2416 |     601 |  19.9 |       9 |       2 |  18.2
     Lair:6 |    5425 |    7097 |  56.7 |      20 |      19 |  48.7
      Orc:1 |    2187 |       0 |   0.0 |      37 |       0 |   0.0
      Orc:2 |    2775 |    6422 |  69.8 |      17 |      47 |  73.4
            +---------+---------+-------+---------+---------+-------
